 Dungeon Crawl Stone Soup version 0.26.1-11-gd32895ea62 (webtiles) character file.

Game seed: 2506671222340579912

130406 RawMediocrity the Eclecticist (level 16, -5/99 HPs)
             Began as a Deep Elf Fire Elementalist on Apr 12, 2021.
             Was a High Priest of Vehumet.
             Hit by a silver javelin thrown by a merfolk javelineer (21 damage)
             ... on level 4 of the Shoals on Apr 13, 2021.
             The game lasted 02:27:11 (42532 turns).

RawMediocrity the Eclecticist (DEFE)               Turns: 42532, Time: 02:27:11

Health: -5/99      AC: 22    Str: 10    XL:     16   Next: 52%
Magic:  37/37      EV: 24    Int: 25    God:    Vehumet [*****.]
Gold:   2445       SH:  0    Dex: 20    Spells: 7/46 levels left

rFire    . . .     SeeInvis +   K - +10 rapier "Oduilioth" {flame, rElec Str-4 Dex+5}
rCold    . . .     Faith    .   (no shield)
rNeg     + . .     Spirit   .   y - +2 leather armour {Will+}
rPois    .         Reflect  .   k - +2 helmet
rElec    +         Harm     .   U - +2 cloak {rCorr}
rCorr    +         Rampage  .   R - +2 pair of gloves
Will     ++...                  Q - +2 pair of boots
Stlth    ++........             S - amulet of magic regeneration
HPRegen  0.26/turn              L - ring of Ristras {rN+ Str+6 SInv}
MPRegen  0.50/turn              l - +4 ring of protection

@: hasted, very quick
A: no striking features
a: Renounce Religion


You were on level 4 of the Shoals.
You worshipped Vehumet.
Vehumet was extremely pleased with you.
You visited 5 branches of the dungeon, and saw 28 of its levels.
You also visited: Sewer, Ice Cave and Volcano.

You collected 3466 gold pieces.
You spent 1021 gold pieces at shops.

Inventory:

Hand Weapons
 K - the +10 rapier "Oduilioth" (weapon) {flame, rElec Str-4 Dex+5}
   (You found it on level 8 of the Dungeon)

   It has been specially enchanted to burn those struck by it, causing extra
   injury to most foes and up to half again as much damage against particularly
   susceptible opponents.
   It affects your strength (-4).
   It affects your dexterity (+5).
   It insulates you from electricity.
Missiles
 r - 104 poisoned darts (quivered)
Armour
 k - a +2 helmet (worn)
 y - a +2 leather armour of willpower (worn)
 Q - a +2 pair of boots (worn)
 R - a +2 pair of gloves (worn)
 U - a +2 cloak of preservation (worn)
Magical Staves
 h - an uncursed staff of conjuration
 w - an uncursed staff of earth
Jewellery
 j - an uncursed ring of protection from fire
 l - a +4 ring of protection (right hand)
 p - an uncursed ring of willpower
 L - the ring of Ristras (left hand) {rN+ Str+6 SInv}
   (You found it on level 8 of the Dungeon)

   [ring of see invisible]

   It affects your strength (+6).
   It protects you from negative energy.
   It lets you see invisible.
 S - an amulet of magic regeneration (around neck)
 W - an uncursed ring of resist corrosion
 X - an uncursed ring of protection from cold
Wands
 a - a wand of disintegration (55)
 e - a wand of iceblast (30)
 m - a wand of enslavement (6)
 t - a wand of digging (6)
 x - a wand of paralysis (26)
 I - a wand of flame (20)
 J - a wand of random effects (30)
 M - a wand of acid (18)
 O - a wand of polymorph (34)
Scrolls
 c - a scroll of acquirement
 f - 10 scrolls of teleportation
 g - 11 scrolls of enchant weapon
 i - 5 scrolls of fear
 s - a scroll of torment
 v - 10 scrolls of amnesia
 z - 5 scrolls of magic mapping
 B - 9 scrolls of remove curse
 H - a scroll of vulnerability
 N - a scroll of identify
 Y - a scroll of brand weapon
Potions
 b - 14 potions of curing
 d - a potion of heal wounds
 n - 3 potions of mutation
 o - 2 potions of brilliance
 q - 5 potions of lignification
 u - 3 potions of flight
 A - 5 potions of might
 C - 4 potions of haste
 D - a potion of ambrosia
 E - a potion of resistance
 F - 3 potions of magic
 G - 5 potions of attraction
 P - 4 potions of berserk rage
 T - 2 potions of cancellation


   Skills:
 + Level 10.6 Fighting
 - Level 6.0 Short Blades
 - Level 5.1 Armour
 + Level 14.6 Dodging
 - Level 2.4 Stealth
 + Level 15.8 Spellcasting
 - Level 12.2 Conjurations
 - Level 2.0 Translocations
 - Level 12.5 Fire Magic
 * Level 12.8 Ice Magic


You had 7 spell levels left.
You knew the following spells:

 Your Spells              Type           Power        Failure   Level
a - Orb of Destruction    Conj           34%          5%          7
b - Sticky Flame          Conj/Fire      69%          1%          4
c - Fireball              Conj/Fire      34%          1%          5
d - Iskenderun's Mystic   Conj/Tloc      53%          1%          4
e - Mephitic Cloud        Conj/Pois/Air  40%          1%          3
f - Ozocubu's Refrigerat  Ice            35%          1%          6
g - Iskenderun's Battles  Conj           69%          1%          5
h - Irradiate             Conj/Tmut      25%          2%          5

Your spell library contained the following spells:

 Spells                   Type           Power        Failure   Level
 Foxfire                  Conj/Fire      100%         0%          1
 Magic Dart               Conj           100%         0%          1
 Apportation              Tloc           58%          1%          1
 Sandblast                Erth           38%          1%          1
 Ensorcelled Hibernation  Hex/Ice        100%         1%          2
 Searing Ray              Conj           100%         1%          2
 Conjure Flame            Conj/Fire      69%          1%          3
 Dazzling Flash           Conj/Hex       100%         1%          3
 Inner Flame              Hex/Fire       50%          1%          3
 Stone Arrow              Conj/Erth      100%         1%          3
 Fulminant Prism          Conj/Hex       25%          1%          4
 Ice Form                 Ice/Tmut       51%          2%          4
 Summon Ice Beast         Ice/Summ       51%          2%          4
 Animate Skeleton         Necr           38%          3%          1
 Corona                   Hex            21%          3%          1
 Pain                     Necr           76%          3%          1
 Summon Small Mammal      Summ           76%          3%          1
 Gell's Gravitas          Tloc           14%          4%          3
 Teleport Other           Tloc           29%          4%          3
 Passwall                 Tmut/Erth      15%          5%          2
 Freezing Cloud           Conj/Ice/Air   28%          5%          6
 Portal Projectile        Hex/Tloc       48%          7%          3
 Metabolic Englaciation   Hex/Ice        25%          7%          5
 Confusing Touch          Hex            19%          11%         3
 Tukima's Dance           Hex            19%          11%         3
 Lee's Rapid Deconstruct  Erth           9%           24%         5
 Yara's Violent Unravell  Hex/Tmut       9%           24%         5
 Petrify                  Tmut/Erth      19%          34%         4
 Simulacrum               Ice/Necr       25%          36%         6
 Summon Forest            Summ/Tloc      12%          54%         5
 Summon Demon             Summ           9%           69%         5
 Summon Mana Viper        Hex/Summ       19%          69%         5
 Hydra Form               Tmut           9%           99%         6
 Statue Form              Tmut/Erth      12%          99%         6
 Dragon Form              Tmut           9%           100%        7
 Malign Gateway           Summ/Tloc      12%          100%        7


Dungeon Overview and Level Annotations

Branches:
Dungeon (15/15)            Temple (1/1) D:7            Lair (6/6) D:9
 Shoals (4/4) Lair:3       Spider (0/4) Lair:2          Orc (2/2) D:10
    Elf (0/3) Orc:2        Vaults (0/5) D:14         Depths (0/5) D:15
  Sewer (visited)           IceCv (visited)         Volcano (visited)
  Slime: Lair:5-6

Altars:
Ashenzari
Cheibriados
Dithmenos
Elyvilon
Fedhas
Gozag
Hepliaklqana
Kikubaaqudgha
Makhleb
Nemelex Xobeh
Okawaru
Qazlal
Ru
Sif Muna
Trog
Uskayaw
Vehumet
Wu Jian
Xom
Yredelemnul
Zin
The Shining One
Beogh

Shops:
D:7 (   Orc:1 **   Orc:2 }[[*   Shoals:2 ?

Portals:
Trove: D:10 (give 7 scrolls of fog)

Annotations:
D:5 2 runed translucent doors
D:6 2 transporters, kalagan's ghost, novice DECj
Lair:4 2 runed translucent doors, Aricsoirch's ghost, journeyman GrFi
Lair:5 1 runed translucent door, Ycut's ghost, journeyman GrEE
Orc:1 3 runed translucent doors, wpisznazwe's ghost, journeyman DsGl


Message History

Moving in this stuff is going to be slow.
The merfolk javelineer throws a silver javelin.
The silver javelin pierces through you!
* * * LOW HITPOINT WARNING * * *
x2 You hear a splash.
The merfolk aquamancer gestures at you while chanting.
The torrent of water misses you.
The wave splashes down.
Splash!
You fall into the shallow water.
Moving in this stuff is going to be slow.
You hear an angry hiss.
You hear a shout! x2; You hear an angry hiss.
You hear a screech!
You hear a shout!
You hear an angry hiss.
You hear a screech! x3; You hear a shout!
Your magical contamination has completely faded away.
You see here a sea snake corpse.
The merfolk aquamancer points at you and mumbles some strange words.
The ball of steam misses you.
The merfolk javelineer throws a silver javelin.
The silver javelin pierces through you!!
You die...

.≈≈≈≈≈≈≈≈≈≈≈≈≈#
.(≈≈≈≈≈≈≈m≈≈≈≈#
H....≈≈≈≈≈≈≈≈≈#
≈≈#...≈≈≈≈≈≈≈≈##
≈≈###..≈≈≈≈≈≈≈≈## ###
#..≈≈≈≈≈≈..≈#######. ≈#
###...≈≈.......≈.≈≈..
.≈##......≈m.≈§§..≈≈≈≈..
H≈≈#≈......(...#@§≈≈....
H≈#≈.....≈..≈....≈≈≈...
#≈≈.#.|≈≈≈≈≈≈≈≈≈≈≈≈≈.
#≈≈...≈≈≈≈≈...≈≈≈≈≈≈#
#≈≈≈.≈≈≈≈≈≈....≈≈≈≈≈#
#≈...≈≈≈≈≈≈.....≈≈≈≈#
≈≈≈.≈≈≈≈≈≈(.......≈≈#
≈≈≈≈.........≈#


You could see a merfolk javelineer.

Vanquished Creatures
  Mara (Shoals:3)
  Saint Roka (Orc:2)
  Nikola (Shoals:1)
  2 krakens
  Roxanne (Shoals:1)
  Donald (Orc:2)
  2 frost giants
  An orc warlord (Orc:2)
  A stone giant (Shoals:2)
  Nessos (Orc:2)
  3 merfolk javelineers
  Snorg (Lair:4)
  3 merfolk impalers
  2 boulder beetles
  3 merfolk avatars
  8 hydras
  4 centaur warriors
  A catoblepas (Lair:5)
  9 two-headed ogres
  2 tengu warriors
  5 death yaks
  4 orc high priests (Orc:2)
  Sonja (Orc:1)
  Nergalle (D:11)
  An unseen horror (D:10)
  A wizard (D:15)
  2 sea snakes
  A glowing orange brain (D:15)
  Pikel (D:6)
  A necromancer (D:14)
  4 oklob plants (Lair:4)
  13 harpies
  3 orc knights (Orc:2)
  9 cyclopes
  7 orc sorcerers
  9 ugly things
  9 manticores
  2 fauns
  2 merfolk sirens
  Maurice (Orc:2)
  An ice statue (IceCv)
  A black mamba (Lair:3)
  A torpor snail (Lair:2)
  3 water nymphs (Shoals:1)
  6 cane toads
  A gargoyle (D:14)
  8 komodo dragons
  A freezing wraith (D:14)
  A rime drake (IceCv)
  A tengu conjurer (D:13)
  5 trolls
  18 polar bears (IceCv)
  6 wind drakes
  Grinder (Sewer)
  6 merfolk
  8 blink frogs
  4 slime creatures (D:15)
  A dream sheep (Lair:6)
  11 snapping turtles
  A vampire (D:14)
  A redback (Lair:2)
  2 shadows
  7 wyverns
  Eustachio (D:5)
  48 yaks
  5 water elementals
  4 basilisks
  2 wraiths
  6 vampire mosquitoes
  4 wargs
  A floating eye (shapeshifter) (D:15)
  13 water moccasins
  4 black bears
  4 sky beasts
  3 ice beasts
  50 orc warriors
  An ice beast (shapeshifter) (D:15)
  4 necrophages
  10 ogres
  2 eyes of draining
  13 wolves
  2 phantoms
  A centaur (shapeshifter) (D:15)
  28 centaurs
  A lemure (D:6)
  3 big kobolds
  25 bullfrogs
  A gnoll sergeant (D:4)
  A wyvern zombie (D:15)
  10 scorpions
  6 killer bees (D:10)
  9 jellies
  An electric eel (Lair:3)
  8 wights
  7 howler monkeys
  2 centaur zombies
  A quasit (D:8)
  3 bullfrog zombies
  9 hounds
  31 orc priests
  7 centaur skeletons
  4 bullfrog skeletons
  29 orc wizards
  2 gnoll shamans (D:4)
  5 iguanas
  Natasha (thrice) (D:4)
  9 hell rats
  13 worker ants
  2 killer bee zombies
  6 big kobold zombies (Sewer)
  A hound zombie (D:5)
  2 hound skeletons
  A worker ant zombie (D:8)
  57 gnolls
  13 adders
  10 river rats (Lair:3)
  7 shadow imps
  17 white imps
  7 ufetubi
  2 oozes (D:2)
  2 adder skeletons
  2 adder zombies (Sewer)
  A worm (D:6)
  4 dart slugs
  7 leopard geckos
  123 orcs
  9 bats
  A bat zombie (Sewer)
  9 giant cockroaches
  10 goblins
  7 hobgoblins
  24 jackals
  8 quokkas
  3 ball pythons
  4 frilled lizards
  3 giant cockroach zombies (Sewer)
  A jackal skeleton (D:6)
  23 kobolds
  A leopard gecko zombie (D:8)
  A quokka skeleton (D:9)
  6 rats
  2 butterflies (D:7)
  A foxfire (Orc:2)
  2 tentacles (Shoals:1)
995 creatures vanquished.

Vanquished Creatures (collateral kills)
  30 foxfires
30 creatures vanquished.

Vanquished Creatures (others)
  2 polar bears (IceCv)
  A water moccasin (Lair:1)
  2 wolves (IceCv)
  A kobold (D:7)
  1566 foxfires
  40 fungi
  156 plants
  19 tentacles
1787 creatures vanquished.

Grand Total: 2812 creatures vanquished

Notes
Turn   | Place    | Note
-------+----------+-------------------------------------------
     0 | D:1      | RawMediocrity the Deep Elf Fire Elementalist began the
                  | quest for the Orb.
     0 | D:1      | Reached XP level 1. HP: 10/10 MP: 6/6
   164 | D:1      | Reached XP level 2. HP: 12/15 MP: 1/8
  1218 | D:2      | Reached XP level 3. HP: 20/20 MP: 4/9
  1620 | D:2      | Reached skill level 1 in Fighting
  1620 | D:2      | Reached XP level 4. HP: 25/25 MP: 4/11
  2704 | D:3      | Found a glowing drain.
  2719 | Sewer    | Entered a sewer
  2777 | Sewer    | Reached skill level 4 in Spellcasting
  2777 | Sewer    | Reached XP level 5. HP: 29/29 MP: 4/13
  3220 | Sewer    | Reached skill level 5 in Fire Magic
  3225 | Sewer    | Learned a level 4 spell: Sticky Flame
  3268 | Sewer    | Reached XP level 6. HP: 35/35 MP: 6/14
  3319 | Sewer    | Found an ancient bone altar of Kikubaaqudgha.
  3389 | Sewer    | Noticed Grinder
  3399 | Sewer    | Killed Grinder
  3400 | Sewer    | Reached skill level 5 in Spellcasting
  3400 | Sewer    | Reached XP level 7. HP: 35/40 MP: 3/16
  4205 | D:3      | Found a burning altar of Makhleb.
  4571 | D:3      | Found a shimmering blue altar of Sif Muna.
  4808 | D:4      | Learned a level 5 spell: Fireball
  5075 | D:4      | Noticed Natasha
  5082 | D:4      | Killed Natasha
  5086 | D:4      | Noticed Natasha
  5091 | D:4      | Killed Natasha
  5212 | D:4      | Found a shimmering blue altar of Sif Muna.
  5212 | D:4      | Found a bloodstained altar of Trog.
  5215 | D:4      | Found a glowing golden altar of the Shining One.
  5240 | D:4      | Reached skill level 5 in Dodging
  5246 | D:4      | Reached XP level 8. HP: 45/45 MP: 8/18
  5506 | D:4      | Found a snail-covered altar of Cheibriados.
  5562 | D:4      | Noticed Natasha
  5570 | D:4      | Killed Natasha
  5644 | D:4      | Reached skill level 6 in Spellcasting
  6842 | D:5      | Entered Level 5 of the Dungeon
  7369 | D:5      | Reached skill level 5 in Conjurations
  7476 | D:5      | Found a runed translucent door.
  7478 | D:5      | Found a runed translucent door.
  7957 | D:5      | Noticed Eustachio
  7962 | D:5      | Killed Eustachio
  7963 | D:5      | Reached XP level 9. HP: 44/52 MP: 15/21
  8182 | D:6      | Learned a level 4 spell: Iskenderun's Mystic Blast
  8299 | D:6      | Reached skill level 7 in Spellcasting
  8429 | D:6      | Found a transporter.
  8431 | D:6      | Found a transporter.
  8432 | D:6      | Noticed kalagan's ghost (novice DECj)
  8619 | D:6      | Noticed Pikel
  8634 | D:6      | Killed Pikel
  9802 | D:7      | Found a staircase to the Ecumenical Temple.
  9815 | Temple   | Entered the Ecumenical Temple
  9985 | Temple   | Became a worshipper of Vehumet
 10168 | D:7      | Reached skill level 8 in Spellcasting
 10654 | D:7      | Reached XP level 10. HP: 55/58 MP: 17/24
 10880 | D:7      | Found Otturgh's Antique Weapon Emporium.
 11055 | D:8      | Reached skill level 10 in Fire Magic
 11212 | D:8      | Identified the Volume of Summoning
 11216 | D:8      | Noticed a two-headed ogre
 11233 | D:8      | Killed a two-headed ogre
 11234 | D:8      | Reached skill level 5 in Fighting
 11445 | D:8      | Got a warped rapier
 11446 | D:8      | Identified the +10 rapier "Oduilioth" {flame, rElec Str-4
                  | Dex+5} (You found it on level 8 of the Dungeon)
 11608 | D:8      | Reached * piety under Vehumet
 11608 | D:8      | Offered knowledge of Shock by Vehumet.
 11760 | D:8      | Got a crude turquoise ring
 11762 | D:8      | Identified the ring of Ristras {rN+ Str+6 SInv} (You found
                  | it on level 8 of the Dungeon)
 11863 | D:8      | Reached skill level 1 in Translocations
 12319 | D:9      | Reached skill level 1 in Armour
 12473 | D:9      | Reached skill level 9 in Spellcasting
 12597 | D:9      | Found a staircase to the Lair.
 12838 | D:9      | Got a blackened long sword
 12839 | D:9      | Identified the +4 long sword "Gynyloc" {freeze, Fragile
                  | +Blink Dex+4 SInv} (You found it on level 9 of the Dungeon)
 13020 | D:9      | Reached ** piety under Vehumet
 13168 | D:9      | Offered knowledge of Freeze by Vehumet.
 13170 | D:9      | Noticed an eight-headed hydra
 13188 | D:9      | Killed an eight-headed hydra
 13541 | D:10     | Entered Level 10 of the Dungeon
 13544 | D:10     | Noticed a two-headed ogre
 13551 | D:10     | Killed a two-headed ogre
 13552 | D:10     | Reached XP level 11. HP: 64/64 MP: 12/26
 14239 | D:10     | Offered knowledge of Mephitic Cloud by Vehumet.
 14409 | D:10     | Learned a level 3 spell: Mephitic Cloud
 14552 | D:10     | Found a portal to a secret trove of treasure.
 14735 | D:10     | Reached *** piety under Vehumet
 14764 | D:10     | Noticed an unseen horror
 14774 | D:10     | Killed an unseen horror
 14977 | D:10     | Reached skill level 10 in Spellcasting
 14980 | D:10     | Found a staircase to the Orcish Mines.
 15138 | Orc:1    | Entered Level 1 of the Orcish Mines
 15138 | Orc:1    | Found a runed translucent gate.
 15138 | Orc:1    | Found a runed translucent gate.
 15138 | Orc:1    | Found a runed translucent gate.
 15138 | Orc:1    | Found an opulent altar of Gozag.
 15184 | Orc:1    | Found a dark tunnel.
 15255 | Volcano  | Entered a volcano
 15286 | Orc:1    | Offered knowledge of Stone Arrow by Vehumet.
 15376 | Orc:1    | Noticed an orc sorcerer
 15382 | Orc:1    | Noticed a sixfirhy
 15383 | Orc:1    | Killed an orc sorcerer
 15460 | Orc:1    | Found Gintouf's Assorted Antiques.
 15461 | Orc:1    | Found Ujaruw's Assorted Antiques.
 15461 | Orc:1    | Noticed wpisznazwe's ghost (journeyman DsGl)
 15485 | Orc:1    | Reached skill level 1 in Short Blades
 15753 | Orc:1    | Noticed Sonja
 15758 | Orc:1    | Killed Sonja
 15827 | Orc:1    | Upgraded the game from 0.26.1-10-gdfb7c7de75 to
                  | 0.26.1-11-gd32895ea62
 15832 | Orc:2    | Entered Level 2 of the Orcish Mines
 15837 | Orc:2    | Reached **** piety under Vehumet
 15860 | Orc:2    | Noticed a two-headed ogre
 15871 | Orc:2    | Killed a two-headed ogre
 15873 | Orc:2    | Offered knowledge of Lightning Bolt by Vehumet.
 15879 | Orc:2    | Noticed Saint Roka
 16008 | Orc:2    | Noticed a two-headed ogre
 16019 | Orc:2    | Killed a two-headed ogre
 16330 | Orc:2    | Noticed an orc sorcerer
 16338 | Orc:2    | Killed an orc sorcerer
 16574 | Orc:2    | Noticed an orc sorcerer
 16577 | Orc:2    | Noticed an orc sorcerer
 16580 | Orc:2    | Killed an orc sorcerer
 16582 | Orc:2    | Killed an orc sorcerer
 16590 | Orc:2    | Reached XP level 12. HP: 71/71 MP: 20/28
 16641 | Orc:2    | Reached ***** piety under Vehumet
 16656 | Orc:2    | Offered knowledge of Lee's Rapid Deconstruction by Vehumet.
 16876 | Orc:2    | Noticed Nessos
 16876 | Orc:2    | Noticed Donald
 16888 | Orc:2    | Killed Nessos
 17512 | Lair:1   | Entered Level 1 of the Lair of Beasts
 17816 | Lair:1   | Noticed a seven-headed hydra
 17830 | Lair:1   | Killed a seven-headed hydra
 17831 | Lair:1   | Reached skill level 10 in Dodging
 17831 | Lair:1   | Reached skill level 11 in Spellcasting
 18675 | Lair:2   | Found a hole to the Spider Nest.
 18697 | Lair:2   | Noticed a five-headed hydra
 18715 | Lair:2   | Killed a five-headed hydra
 19117 | Lair:2   | Noticed a seven-headed hydra
 19131 | Lair:2   | Reached skill level 5 in Armour
 19141 | Lair:2   | Killed a seven-headed hydra
 20591 | Lair:3   | Reached XP level 13. HP: 62/76 MP: 28/30
 20781 | Lair:3   | You fall into a shaft and drop 1 floor!
 21292 | Lair:3   | Found a staircase to the Shoals.
 21520 | Lair:4   | Reached skill level 5 in Short Blades
 21522 | Lair:4   | Noticed Snorg
 21538 | Lair:4   | Killed Snorg
 21931 | Lair:4   | Got a jewelled short sword
 22115 | Lair:4   | Reached skill level 12 in Spellcasting
 22327 | Lair:4   | Reached skill level 10 in Conjurations
 22331 | Lair:4   | Identified the +1 short sword "Webruseuq" {flame, Str+4
                  | Int-5} (You found it on level 4 of the Lair of Beasts)
 22513 | Lair:4   | Found a large runed translucent door.
 22513 | Lair:4   | Found a large runed translucent door.
 22513 | Lair:4   | Noticed Aricsoirch's ghost (journeyman GrFi)
 23493 | Lair:5   | Noticed Ycut's ghost (journeyman GrEE)
 23500 | Lair:5   | Found a runed translucent door.
 24544 | Lair:6   | Entered Level 6 of the Lair of Beasts
 24690 | Lair:6   | Learned a level 6 spell: Ozocubu's Refrigeration
 24697 | Lair:6   | Found an ornate altar of the Wu Jian Council.
 24697 | Lair:6   | Found a hide-covered altar of Uskayaw.
 24717 | Lair:6   | Reached skill level 1 in Ice Magic
 25880 | Lair:6   | Noticed a dire elephant
 26892 | D:11     | Noticed Nergalle
 26903 | D:11     | Killed Nergalle
 27008 | D:11     | Offered knowledge of Iskenderun's Battlesphere by Vehumet.
 27242 | D:11     | Found a sacrificial altar of Ru.
 27419 | D:12     | Reached XP level 14. HP: 75/84 MP: 16/32
 27926 | D:13     | Found a frozen archway.
 28102 | D:13     | Reached skill level 13 in Spellcasting
 28110 | IceCv    | Entered an ice cave
 28361 | IceCv    | Reached skill level 5 in Ice Magic
 29745 | IceCv    | Noticed a frost giant
 30091 | IceCv    | Killed a frost giant
 31386 | D:13     | Reached ****** piety under Vehumet
 31561 | D:13     | Learned a level 5 spell: Iskenderun's Battlesphere
 31977 | D:14     | Offered knowledge of Yara's Violent Unravelling by Vehumet.
 32105 | D:14     | Found a gate to the Vaults.
 32802 | D:14     | Found a sparkling altar of Nemelex Xobeh.
 32973 | D:15     | Entered Level 15 of the Dungeon
 33779 | D:15     | Noticed a storm dragon
 33779 | D:15     | an entropy weaver changed into a storm dragon
 33780 | D:15     | a storm dragon changed into a minotaur
 33784 | D:15     | Noticed an azure jelly
 33784 | D:15     | a minotaur changed into an azure jelly
 33785 | D:15     | Noticed a quicksilver dragon
 33785 | D:15     | an azure jelly changed into a quicksilver dragon
 34256 | D:15     | Reached skill level 14 in Spellcasting
 34491 | D:15     | Reached XP level 15. HP: 54/90 MP: 15/35
 34991 | D:15     | Found a staircase to the Depths.
 35247 | Orc:2    | Killed Saint Roka
 35600 | Orc:2    | Killed Donald
 36152 | Orc:2    | Found a roughly hewn altar of Beogh.
 36584 | Orc:2    | Noticed Maurice
 36589 | Orc:2    | Killed Maurice
 36801 | Orc:2    | Noticed an orc warlord
 36823 | Orc:2    | Killed an orc warlord
 36887 | Orc:2    | Found a roughly hewn altar of Beogh.
 37079 | Orc:2    | Found Vodwas's Antique Armour Shop.
 37222 | Orc:2    | Found Qoteb's Assorted Antiques.
 37233 | Orc:2    | Bought a paperback book for 465 gold pieces
 37233 | Orc:2    | Bought a scroll of identify for 62 gold pieces
 37233 | Orc:2    | Bought a scroll of enchant armour for 232 gold pieces
 37233 | Orc:2    | Bought a scroll of enchant armour for 232 gold pieces
 37260 | Orc:2    | Reached skill level 10 in Ice Magic
 37513 | Orc:2    | Found a staircase to the Elven Halls.
 37585 | Orc:2    | Identified the Almanac of Evil Orientation
 37797 | Orc:2    | Found Juup's Gadget Emporium.
 37807 | Orc:2    | Found Yrelomp's Antique Armour Shoppe.
 38095 | Shoals:1 | Entered Level 1 of the Shoals
 38215 | Shoals:1 | Offered knowledge of Orb of Destruction by Vehumet.
 38227 | Lair:3   | Learned a level 7 spell: Orb of Destruction
 38814 | Shoals:1 | Noticed Nikola
 38828 | Shoals:1 | Killed Nikola
 39177 | Shoals:1 | Noticed Roxanne
 39182 | Shoals:1 | Noticed a kraken
 39222 | Shoals:1 | Identified the +5 hunting sling of Traps {flame, rPois rC+
                  | Str-5}
 39282 | Shoals:1 | HP: 4/92 [merfolk javelineer/cursed -2 spear (3)]
 39284 | Shoals:1 | Reached skill level 15 in Spellcasting
 39673 | Shoals:1 | Reached skill level 10 in Fighting
 39744 | Shoals:1 | Killed Roxanne
 39757 | Shoals:1 | Learned a level 5 spell: Irradiate
 39854 | Shoals:1 | Killed a kraken
 40005 | Shoals:1 | Reached XP level 16. HP: 97/97 MP: 31/37
 40385 | Shoals:2 | Noticed a kraken
 40401 | Shoals:2 | Killed a kraken
 40404 | Shoals:2 | Found Ynehun's Magic Scroll Shoppe.
 40477 | Shoals:2 | Bought a scroll of identify for 30 gold pieces
 40477 | Shoals:2 | Identified a scroll of acquirement
 41451 | Shoals:3 | Noticed Mara
 41455 | Shoals:3 | Noticed RawMediocrity's illusion
 41565 | Shoals:3 | Killed Mara
 42452 | Shoals:4 | Entered Level 4 of the Shoals
 42532 | Shoals:4 | Hit by a silver javelin thrown by a merfolk javelineer

Illustrated notes

Levels and vault maps discovered:
D:1:      zaba_arrival_water, layout_basic
D:2:      layout_basic, chequers_big_river, fountainhead
D:3:      layout_basic, makhleb_heckhound_becter, portal_sewer_entry_f,
          led_sif_pool
D:4:      lemuel_castle_with_subvaults [lemuel_castle_interior_original],
          layout_cave_pools, minitemple, kennysheep_slug_shrine, uniq_natasha
D:5:      lemuel_insect_pit, layout_loops_corners, uniq_eustachio
D:6:      layout_layer_cave, gammafunk_ghost_hive, uniq_pikel
D:7:      layout_rooms, minmay_temple_entry_butterflies, serial_shops,
          kennysheep_mini_moat, hex_tiny
D:8:      layout_loops_ring, minmay_misc_feat_chi
D:9:      layout_cave_pools, grunt_lair_entry_orc_guard_hut, grunt_potential
D:10:     layout_irregular_city, david_orc_4, enter_trove_6
D:11:     layout_long_grid, basic_altar, uniq_nergalle
D:12:     layout_basic
D:13:     layout_cave_pools, portal_ice_cave_entry_imps, enter_bailey_7
D:14:     layout_roguey, david_vaults_1, chequers_decorated_corner,
          nemelex_altar_shiori
D:15:     gammafunk_enter_depths_forms, layout_long_grid,
          hangedman_decor_slide_cut
Temple:   minmay_crystal_spiral_temple
Lair:1:   layout_loops_ring, lemuel_old_faithful
Lair:2:   layout_roguey, spider_nest_entry_webs, serial_bayou_shore_b
Lair:3:   layout_loops_ring, minmay_shoals_entry_hut, kennysheep_rathole
Lair:4:   layout_cave_pods, ebering_ghost_disaster_area, grunt_megastairs_2,
          minmay_lair_oklob_chamber, uniq_snorg
Lair:5:   layout_gridlike, hellmonk_ghost_happy_afterlife
Lair:6:   evil_forest, layout_regular_city, minmay_slime_entry_jelly_boxes,
          nzn_masters_of_martial_movement
Shoals:1: layout_shoals, uniq_nikola, uniq_roxanne
Shoals:2: layout_shoals, serial_shops, nicolae_shop_stone, st_shoals_ruin
Shoals:3: nicolae_shoals_island_circles, layout_shoals, uniq_mara
Shoals:4: shoals_end_hangedman, layout_shoals, shoals_ilsuiw_ice
Orc:1:    layout_caves, lightli_volcano_entry_magma_tube, ebering_ghost_gozag,
          mines4_lemuel, uniq_sonja
Orc:2:    pubby_orc_utopia, serial_shops, uniq_nessos, uniq_saint_roka,
          uniq_donald, uniq_maurice

Skill      XL: |  1  2  3  4  5  6  7  8  9 10 11 12 13 14 15 16 |
---------------+-------------------------------------------------+-----
Conjurations   | 2 3 4 5 6 7 8 9 10 11 12 | 12.2
Fire Magic     | 4 5 6 8 9 10 11 12 | 12.5
Dodging        | 3 4 5 6 7 8 9 10 11 12 14 | 14.6
Fighting       | 1 2 3 4 5 6 7 8 9 10 | 10.6
Spellcasting   | 4 5 6 8 9 10 11 12 14 15 | 15.8
Translocations | 2 |  2.0
Armour         | 2 4 5 |  5.1
Short Blades   | 2 4 6 |  6.0
Ice Magic      | 4 8 11 12 | 12.8
Stealth        | |  2.4

Action                   |  1- 3 |  4- 6 |  7- 9 | 10-12 | 13-15 | 16-18 || total
-------------------------+-------+-------+-------+-------+-------+-------++-------
Melee: Dagger            |    12 |       |       |       |       |       ||    12
       Mace              |       |     4 |       |       |       |       ||     4
       Halberd           |       |       |    15 |       |       |       ||    15
       Whip              |       |       |    26 |    17 |       |       ||    43
       Staff             |       |       |       |    32 |       |       ||    32
       Rapier            |       |       |       |   212 |   504 |    30 ||   746
Throw: Dart              |       |       |       |     8 |     1 |       ||     9
 Cast: Foxfire           |    64 |   128 |   437 |   345 |     1 |       ||   975
       Sticky Flame      |       |     1 |    19 |    95 |   148 |     6 ||   269
       Fireball          |       |       |     5 |    62 |   363 |    99 ||   529
       Mephitic Cloud    |       |       |       |    27 |    45 |       ||    72
       Iskenderun's Myst |       |       |       |     3 |     5 |     1 ||     9
       Ozocubu's Refrige |       |       |       |       |    19 |       ||    19
       Iskenderun's Batt |       |       |       |       |     7 |       ||     7
       Orb of Destructio |       |       |       |       |    18 |     8 ||    26
       Irradiate         |       |       |       |       |       |     2 ||     2
  Use: Scroll            |       |       |     6 |    17 |    23 |     4 ||    50
       Potion            |       |       |       |       |    11 |     2 ||    13
 Stab: Sleeping          |       |       |     1 |     1 |     6 |       ||     8
       Confused          |       |       |       |     8 |    18 |       ||    26
Armor: Robe              |    16 |     5 |    34 |    45 |       |       ||   100
       Leather armour    |       |       |       |    27 |   187 |    18 ||   232
       Skin              |       |       |       |     2 |       |       ||     2
Dodge: Dodged            |    16 |    14 |    79 |   319 |   602 |    76 ||  1106
